 Dungeon Crawl Stone Soup version 0.28.0 (webtiles) character file.

Game seed: 7921497765002272462

122 Angani the Sneak (level 4, -4/41 HPs)
             Began as a Draconian Delver on Feb 12, 2022.
             Shot with a bolt by a kobold (7 damage)
             ... in a sewer.
             The game lasted 00:05:16 (1346 turns).

Angani the Sneak (Draconian Delver)                 Turns: 1346, Time: 00:05:16

Health: -4/41      AC:  5    Str: 14    XL:     4   Next: 78%
Magic:  1/5        EV: 12    Int: 11    God:
Gold:   0          SH:  0    Dex: 14    Spells: 3/5 levels left

rFire   . . .      SeeInvis .     - Unarmed
rCold   . . .      Faith    .   (no shield)
rNeg    . . .      Spirit   .   (armour unavailable)
rPois   .          Reflect  .   (helmet restricted)
rElec   .          Harm     .   (no cloak)
rCorr   .          Rampage  .   (no gloves)
Will    .....                   (no boots)
Stlth   ++........              (no amulet)
HPRegen 0.13/turn               (no ring)
MPRegen 0.09/turn               (no ring)

@: lethally poisoned (-4 -> -9), very slightly contaminated, very slow
A: AC +5, unfitting armour, cold-blooded
a: no special abilities


You were in a sewer.
You visited 1 branch of the dungeon, and saw 1 of its levels.
You also visited: Sewer.

Inventory:

Wands
 e - a wand of digging (3)
 f - a wand of paralysis (9)
Scrolls
 a - a scroll of fog
 b - 3 scrolls of identify {unknown}
 c - a scroll of fear
Potions
 d - 4 potions of haste
 g - a potion of invisibility


   Skills:
 + Level 4.4 Fighting
 - Level 1.7 Dodging
 - Level 4.5 Stealth
 + Level 3.3 Unarmed Combat
 + Level 1.0 Spellcasting
 + Level 1.1 Air Magic
 + Level 1.2 Poison Magic


You had 3 spell levels left.
You knew the following spells:

 Your Spells              Type           Power      Damage    Failure   Level
a - Poisonous Vapours     Pois/Air       6%         N/A       30%         2

Your spell library contained the following spells:

 Spells                   Type           Power      Damage    Failure   Level
 Corpse Rot               Necr/Air       2%         N/A       36%         2


Dungeon Overview and Level Annotations

Branches:
Dungeon (5/15)             Temple (0/1) D:5           Sewer (1/1)

Altars:


Innate Abilities, Weirdness & Mutations

Your plain brown scales are hard. (AC +5)
You cannot fit into any form of body armour.
You are cold-blooded and may be slowed by cold attacks.


Message History

The kobold throws a stone.
You see here an adder skeleton.
You see here a rat skeleton.
Casting: Poisonous Vapours (dangerous; 30% risk of failure)
Confirm with . or Enter, or press ? or * to list all spells.
Aiming: Poisonous Vapours (dangerous; 30% risk of failure)
Press: ? - help, Dir - move target, f/p - kobold brigand
Aim: a kobold brigand, wielding a +0 whip and quivering poisoned darts (moderately wounded)
You miscast Poisonous Vapours.
You are very lightly contaminated with residual magic.
Nothing appears to happen.
The kobold shoots a bolt.
The bolt completely misses the kobold brigand.
The kobold brigand throws a poisoned dart.
You flicker for a moment.
The kobold throws a stone.
The stone misses the kobold.
The stone closely misses you.
The kobold throws a stone.
You enter the shallow water.
Moving in this stuff is going to be slow. ...and don't expect to remain undetected.
The kobold brigand throws a poisoned dart.
The poisoned dart hits you!
You are poisoned.
The kobold throws a stone.
The stone hits you but does no damage.
You feel very sick.
The kobold shoots a bolt.
The bolt misses the kobold.
The bolt hits you!
* * * LOW HITPOINT WARNING * * *
The kobold throws a stone.
The stone hits you but does no damage.
The kobold throws a stone.
The stone hits you but does no damage.
The kobold brigand throws a poisoned dart.
The poisoned dart hits you!
You are lethally poisoned!
You flicker back into view.
* * * LOW HITPOINT WARNING * * *
You feel very sick.
* * * LOW HITPOINT WARNING * * *
You feel very sick.
The kobold shouts!
The kobold shoots a bolt.
The bolt hits you!
You die...

#..K###.≈≈≈≈≈.....##
#...##..≈≈≈≈≈.....####
##......≈≈≈......###∩#
##.....≈≈≈≈.....###.#
#......≈≈.......#..#
#......≈≈≈........##
##.†...≈≈≈........##
#......≈≈≈.......##
##......≈≈@≈......##
#.÷K#...≈≈≈≈≈......#
#.K###..≈K≈≈≈......##
#..###.≈K≈≈≈≈≈...#..#
#..#..K.≈≈≈≈≈...###.#
#.....K≈≈≈≈≈≈...###∩#
##.....≈≈≈≈≈≈....####
##....#≈≈≈≈≈....##
#...##≈≈≈≈≈≈....#


You could see a kobold brigand and 4 kobolds.

Vanquished Creatures
  A centaur zombie (D:5)
  An adder (Sewer)
  6 river rats (Sewer)
  2 giant cockroaches (D:5)
  2 quokkas (D:5)
  3 ball pythons (Sewer)
  3 kobolds (Sewer)
  21 rats (Sewer)
39 creatures vanquished.

Notes
Turn   | Place    | Note
-------+----------+-------------------------------------------
     0 | D:5      | Angani the Draconian Delver began the quest for the Orb.
     0 | D:5      | Reached XP level 1. HP: 19/19 MP: 1/1
    35 | D:5      | Reached XP level 2. HP: 10/27 MP: 2/2
    35 | D:5      | Reached XP level 3. HP: 12/33 MP: 3/3
   222 | D:5      | Found a glowing drain.
   262 | D:5      | Learned a level 2 spell: Poisonous Vapours
   273 | Sewer    | Entered a sewer
   763 | Sewer    | Reached XP level 4. HP: 36/40 MP: 2/4
   961 | Sewer    | Reached skill level 1 in Air Magic
   961 | Sewer    | Reached skill level 1 in Poison Magic
  1231 | Sewer    | Reached skill level 1 in Spellcasting
  1303 | Sewer    | Noticed a kobold brigand
  1346 | Sewer    | Shot with a bolt by a kobold

Illustrated notes

Levels and vault maps discovered:
D:5:      layout_loops_ring, nicolae_yredelemnul_corpse_copse,
          general_overflow_altar, minmay_temple_entry_from_below_a,
          serial_shops, shop, portal_sewer_entry_f, uniq_eustachio
Sewer:    sewer_minmay_treatment

Skill      XL: |  1  2  3  4 |
---------------+-------------+-----
Fighting       | 4 |  4.4
Unarmed Combat | 3 |  3.3
Air Magic      | 1 |  1.1
Poison Magic   | 1 |  1.2
Spellcasting   | 1 |  1.0
Dodging        | |  1.7
Stealth        | |  4.5

Action                   |  1- 3 |  4- 6 || total
-------------------------+-------+-------++-------
Melee: Unarmed           |    71 |    62 ||   133
       Tailslap          |    10 |     5 ||    15
       Punch             |     2 |       ||     2
 Cast: Poisonous Vapours |     6 |     9 ||    15
  Use: Scroll            |     1 |       ||     1
       Potion            |       |     1 ||     1
 Stab: Sleeping          |       |     2 ||     2
Armor: Skin              |    17 |    18 ||    35
Dodge: Dodged            |    53 |    36 ||    89
